 Dungeon Crawl Stone Soup version 0.29-a0-925-g0a7a3d12f8 (webtiles) character file.

Game seed: 14037302682066651222

40 greasedhog the Trooper (level 3, -5/23 HPs)
             Began as a Gargoyle Abyssal Knight on July 30, 2022.
             Was a Believer of Lugonu.
             Slain by a gnoll
             ... wielding a +0 halberd
              (6 damage)
             ... on level 2 of the Dungeon.
             The game lasted 00:02:12 (2268 turns).

greasedhog the Trooper (Gargoyle Abyssal Knight)    Turns: 2268, Time: 00:02:13

Health: -5/23      AC: 14    Str: 18    XL:     3   Next: 50%
Magic:  5/5        EV:  5    Int: 10    God:    Lugonu [**....]
Gold:   27         SH:  0    Dex: 16    Spells: 2/2 levels left

rFire   . . .      SeeInvis .   a - +2 mace
rCold   . . .      Faith    .   (no shield)
rNeg    + . .      Spirit   .   q - +0 plate armour
rPois   ∞          Reflect  .   (no helmet)
rElec   +          Harm     .   (no cloak)
rCorr   +          Rampage  .   (no gloves)
Will    .....                   (no boots)
Stlth   ..........              (no amulet)
HPRegen 0.07/turn               e - ring of resist corrosion
MPRegen 0.09/turn               m - +6 ring of dexterity

@: no status effects
A: sickness immunity, AC +3, negative energy resistance 1, electricity
resistance, torment resistance 1, petrification resistance
a: Renounce Religion, Depart the Abyss, Bend Space


You were on level 2 of the Dungeon.
You worshipped Lugonu.
Lugonu was pleased with you.
You visited 1 branch of the dungeon, and saw 2 of its levels.
You visited the Abyss 1 time.

You collected 27 gold pieces.

Inventory:

Hand Weapons
 a - a +2 mace (weapon)
Armour
 q - a +0 plate armour (worn)
Jewellery
 c - a ring of see invisible
 e - a ring of resist corrosion (left hand)
 m - a +6 ring of dexterity (right hand)
Scrolls
 f - a scroll of acquirement {unknown}
 h - a scroll of butterflies {unknown}
 i - a scroll of teleportation {unknown}
 k - a scroll of poison {unknown}
 n - a scroll of noise {unknown}
 o - a scroll of fear {unknown}
 p - a scroll of identify {unknown}
Potions
 g - a potion of attraction {unknown}
 j - a potion of brilliance {unknown}
 l - a potion of degeneration {unknown}


   Skills:
 - Level 3.2 Fighting
 * Level 3.0 Maces & Flails
 - Level 2.1 Armour
 - Level 0.7 Dodging
 * Level 3.2 Invocations


You had 2 spell levels left.
You didn't know any spells.
Your spell library was empty.

Dungeon Overview and Level Annotations

Branches:
Dungeon (2/15)

Altars:


Innate Abilities, Weirdness & Mutations

You are immune to sickness and miasma.
Your stone body is resilient. (AC +3)
You are immune to poison.
You resist negative energy. (rN+)
You are resistant to electric shocks. (rElec)
You are resistant to unholy torment.
You are immune to petrification.


Message History

No target in view!
No target in view!
No target in view!
No target in view!
No target in view!
No target in view!
No target in view!
No target in view!
No target in view!
No target in view!
No target in view!
No target in view!
No target in view!
No target in view!
No target in view!
No target in view!
A gnoll is nearby!
A gnoll is nearby!
A gnoll is nearby!
The gnoll shouts!
The gnoll drinks a potion.
The gnoll suddenly seems more resistant.
There is an open door here.
You start waiting.
A gnoll is nearby!
The gnoll hits you from afar with a +0 halberd!
As you read the scroll labelled CIRALI PEERR, it crumbles to dust.
It is a scroll of enchant weapon.
Your +1 mace glows red for a moment.
The gnoll is no longer unusually resistant.
The gnoll hits you from afar with a +0 halberd!
* * * LOW HITPOINT WARNING * * *
The gnoll hits you with a +0 halberd.
* * * LOW HITPOINT WARNING * * *
You closely miss the gnoll.
The gnoll hits you but does no damage. x2
You closely miss the gnoll. The gnoll hits you but does no damage.
You sock the gnoll!
The gnoll is heavily wounded.
The gnoll hits you with a +0 halberd.
You die...

#8...8#.......'.....##
##...##.###...#..##.# ......
#...##.#######..##.# .....
##...##..........##.## g...
#8...8#..............# ...#
##...#########...##.## g..##
#...##8###8#........# ...8#
##............g..##..##...#
#8............@........g..###
##............................
#...##8###8##..#####.........
##...#### ###...# ##........
#8...8# #..#..## ##..#####.
##...## ###..#... ..... #...#
.......## #..### ##...##
##..##.######.#######.
#8...8####.....................


You could see a gnoll.

Vanquished Creatures
  A gnoll (D:1)
  A worm (D:2)
  2 ball pythons (D:2)
  4 bats
  An endoplasm (D:1)
  A giant cockroach (D:2)
  2 goblins (D:1)
  2 hobgoblins (D:2)
  5 kobolds (D:1)
  A quokka (D:1)
  4 frilled lizards
  3 rats
27 creatures vanquished.

Notes
Turn   | Place    | Note
-------+----------+-------------------------------------------
     0 | Abyss:1  | greasedhog the Gargoyle Abyssal Knight began the quest for
                  | the Orb.
     0 | Abyss:1  | Reached XP level 1. HP: 14/14 MP: 2/2
     1 | D:1      | Escaped the Abyss
   380 | D:1      | Reached XP level 2. HP: 8/19 MP: 3/3
   933 | D:1      | Found a faded altar of an unknown god.
  1387 | D:2      | Reached XP level 3. HP: 16/23 MP: 5/5
  2265 | D:2      | HP: 1/23 [gnoll/+0 halberd (4)]
  2268 | D:2      | Slain by a gnoll

Illustrated notes

Levels and vault maps discovered:
D:1:      nicolae_arrival_somewhat_less_tricky_arrival, layout_rooms,
          dreamdust_ecumenical_altar_hidden_monk_grotto
D:2:      layout_basic, serial_corexii_hall, corexii_hall_statues_t,
          corexii_hall_statues_u, minmay_misc_feat_alley, minmay_statues_item,
          hangedman_decor_points, uniq_natasha

Skill      XL: |  1  2  3 |
---------------+----------+-----
Invocations    | 3 |  3.2
Maces & Flails | 3 |  3.0
Fighting       | |  3.2
Armour         | |  2.1
Dodging        | |  0.7

Action                   || total
-------------------------++-------
Melee: Mace              ||    98
       Punch             ||     1
  Use: Scroll            ||     1
Armor: Leather armour    ||    25
       Plate armour      ||    44
Dodge: Dodged            ||    72

Table legend: (Time is in decaauts)
 A = Elapsed time spent in this place.
 B = Non-inter-level travel time spent in this place.
 C = Inter-level travel time spent in this place.
 D = Time resting spent in this place.
 E = Time spent auto-exploring this place.
 F = Levels seen in this place.
 G = Mean time per level.
                   A        B        C        D        E       F      G
               +--------+--------+--------+--------+--------+-----+--------+
         Total |   2292 |   2248 |     44 |    285 |   1597 |   3 |  764.0 |
       Dungeon |   2291 |   2247 |     44 |    285 |   1597 |   2 | 1145.5 |
         Abyss |      1 |      1 |      0 |      0 |      0 |   1 |    1.0 |
               +--------+--------+--------+--------+--------+-----+--------+

Top non-repeatable levels by time:
     D:1: 1403 daAuts
     D:2: 888 daAuts
 Abyss:1: 1 daAuts
